[Event "Titled Tuesday Blitz June 28 Early 2022"]
[White "Vainio, Ville"]
[Black "Dubov, Daniil"]
[WhiteFideId "507270"]
[BlackFideId "24126055"]
[WhiteElo "2225"]
[BlackElo "2791"]
[Result "0-1"]
[Round "02"]
[TimeControl "180+1"]
[Date "2022.06.28"]
[WhiteClock "0:00:04"]
[BlackClock "0:01:25"]

1. e4 c6 2. d4 d5 3. Nc3 dxe4 4. Nxe4 Nf6 5. Nxf6+ exf6 6. c3 Bd6 7. Bd3 O-O 8. Qc2 Re8+ 9. Ne2 h6 10. O-O Nd7 11. Bd2 Nb6 12. c4 Bf8 13. Rad1 Bg4 14. f3 Be6 15. b3 Qd7 16. Bc3 Rad8 17. h3 Nc8 18. f4 Ne7 19. Ng3 Qc7 20. Rf3 b5 21. f5 Bc8 22. Bd2 bxc4 23. bxc4 Rxd4 24. Be3 Rdd8 25. Qa4 c5 26. Bf4 Qc6 27. Qc2 Bb7 28. Be4 Rxd1+ 29. Qxd1 Qc8 30. Bxb7 Qxb7 31. Rd3 Nc6 32. Rd7 Qa6 33. Qd5 Re7 34. Rd6 Re1+ 35. Kh2 Bxd6 36. Qxd6 Qb7 37. Nh5 Re2 38. Nxf6+ gxf6 39. Qxf6 Nd4 40. Qd8+ Kh7 0-1


[Site "https://www.chess.com"]

[Event "Titled Tuesday Blitz June 28 Early 2022"]
[White "Van Foreest, Jorden"]
[Black "Navarrete Mendez, Gonzalo Alberto"]
[WhiteFideId "1039784"]
[BlackFideId "5106850"]
[WhiteElo "2609"]
[BlackElo "2261"]
[Result "1-0"]
[Round "02"]
[TimeControl "180+1"]
[Date "2022.06.28"]
[WhiteClock "0:01:04"]
[BlackClock "0:00:03"]

1. Nf3 d5 2. e3 c5 3. c4 e6 4. d4 Nf6 5. a3 dxc4 6. Bxc4 a6 7. O-O b5 8. Be2 Bb7 9. dxc5 Bxc5 10. Qxd8+ Kxd8 11. b4 Bd6 12. Bb2 Ke7 13. Nbd2 Rd8 14. Nb3 Nbd7 15. Na5 Bd5 16. Nd4 Rac8 17. Rac1 Nb6 18. Ndc6+ Ke8 19. Nxd8 Rxd8 20. Rfd1 Na4 21. Ba1 Nb6 22. f3 Bb8 23. e4 Ba8 24. Rxd8+ Kxd8 25. Nc6+ Bxc6 26. Rxc6 Bc7 27. Bd4 Nfd7 28. Bxg7 Kc8 29. Rc1 Kb7 30. Bd4 Bf4 31. Rd1 Ne5 32. g3 Nc6 33. gxf4 1-0


[Site "https://www.chess.com"]

[Event "Titled Tuesday Blitz June 28 Early 2022"]
[White "Vidruska, Renate"]
[Black "Garcia Cuenca, Victor"]
[WhiteFideId "11601841"]
[BlackFideId "2250829"]
[WhiteElo "1873"]
[BlackElo "2317"]
[Result "0-1"]
[Round "02"]
[TimeControl "180+1"]
[Date "2022.06.28"]
[WhiteClock "0:00:08"]
[BlackClock "0:01:17"]

1. e4 c6 2. d4 d5 3. Nd2 dxe4 4. Nxe4 g6 5. Nf3 Bg7 6. Be3 Nh6 7. Ng3 Ng4 8. Qd2 Nxe3 9. fxe3 Nd7 10. Bd3 e5 11. O-O O-O 12. Nxe5 Nxe5 13. dxe5 Bxe5 14. c3 Qe7 15. Rae1 Be6 16. Qf2 Bxa2 17. Ne4 f5 18. Nd2 Rad8 19. Bc4+ Bxc4 20. Nxc4 Bc7 21. g3 Qe4 22. Nd2 Qd3 23. Nf3 Rfe8 24. Qe2 Bb6 25. Kf2 Rxe3 26. Qxd3 Rexd3+ 27. Ke2 Re3+ 28. Kf2 Rxc3+ 29. Kg2 Rc2+ 30. Kh3 Rd7 31. Re8+ Kg7 32. Ng5 h6 33. Ne6+ Kf7 34. Re1 Rdd2 35. Nf4 Rxh2# 0-1


[Site "https://www.chess.com"]

[Event "Titled Tuesday Blitz June 28 Early 2022"]
[White "Vifleemskaia, Svetlana"]
[Black "Golubev, Mikhail"]
[WhiteFideId "4129490"]
[BlackFideId "14100983"]
[WhiteElo "1929"]
[BlackElo "2374"]
[Result "0-1"]
[Round "02"]
[TimeControl "180+1"]
[Date "2022.06.28"]
[WhiteClock "0:00:06"]
[BlackClock "0:00:05"]

1. d4 Nf6 2. c4 g6 3. Nc3 Bg7 4. e4 d6 5. Nge2 Nbd7 6. Ng3 e5 7. d5 h5 8. Bg5 h4 9. Nge2 Rh5 10. Qd2 Nc5 11. f3 Nfxe4 12. fxe4 Qxg5 13. Qxg5 Rxg5 14. h3 Nd3+ 15. Kd2 Nf2 16. Rg1 Bh6 17. Kc2 f5 18. g3 hxg3 19. Rxg3 Rxg3 20. Nxg3 Bf4 21. Nge2 fxe4 22. Bg2 Bf5 23. Nxf4 e3+ 24. Be4 Nxe4 25. Ne6 Nc5+ 26. Kd1 Nxe6 27. dxe6 Bxe6 28. Ke2 Bxc4+ 29. Kxe3 Ke7 30. Rg1 Rh8 31. Rg3 Be6 32. Rxg6 Rxh3+ 33. Kd2 Rh2+ 34. Kc1 c6 35. Rg7+ Bf7 36. Ne4 d5 37. Ng5 Rf2 38. Nh3 Rf1+ 39. Kd2 e4 40. Ke2 Rf5 41. Rh7 Kf8 42. Rh8+ Bg8 43. Nf2 Kg7 44. Rh1 Bf7 45. Ke3 Bg6 46. Ng4 Rf3+ 47. Kd4 Rd3+ 48. Kc5 e3 49. Ne5 Rd2 50. Rg1 Kf6 51. Ng4+ Ke6 52. Nxe3 Rxb2 53. Rxg6+ Ke5 54. Rg7 Rb5# 0-1


[Site "https://www.chess.com"]

[Event "Titled Tuesday Blitz June 28 Early 2022"]
[White "Warmerdam, Max"]
[Black "Ismayil, Malak"]
[WhiteFideId "1048104"]
[BlackFideId "13412604"]
[WhiteElo "2537"]
[BlackElo "1879"]
[Result "1-0"]
[Round "02"]
[TimeControl "180+1"]
[Date "2022.06.28"]
[WhiteClock "0:00:20"]
[BlackClock "0:00:07"]

1. e4 e5 2. Nf3 Nc6 3. Bb5 a6 4. Ba4 Nf6 5. O-O b5 6. Bb3 Be7 7. Re1 O-O 8. a4 Rb8 9. d3 d6 10. h3 h6 11. Nbd2 Re8 12. Nf1 Bf8 13. Ng3 Qe7 14. c3 g6 15. d4 Bg7 16. Bc2 Bb7 17. d5 Nd8 18. b3 c6 19. c4 Bc8 20. Be3 c5 21. Qd2 Kh7 22. axb5 axb5 23. b4 bxc4 24. bxc5 dxc5 25. Qc3 Nb7 26. Qxc4 Bd7 27. Ra7 Rec8 28. Rea1 Nd6 29. Qe2 Qe8 30. Qd1 Nb5 31. R7a6 Nd4 32. Bxd4 cxd4 33. Bd3 Bb5 34. Bxb5 Rxb5 35. Ra7 Rbc5 36. h4 Nd7 37. h5 Nb6 38. Nh4 Nc4 39. Qg4 Nd6 40. hxg6+ fxg6 41. Ngf5 Nxf5 42. exf5 R5c7 43. d6 Rc1+ 44. Rxc1 Rxc1+ 45. Kh2 Kg8 46. Nxg6 e4 47. Ne7+ Kh8 48. f6 Bxf6 49. Ng6+ Kg8 50. d7 Qb8+ 51. Nf4+ Bg5 52. g3 Kh8 53. Ng6+ Kg7 54. d8=Q+ Qxa7 55. Qh8+ Kxg6 56. Qe6+ Kh5 57. Qhe8+ Qf7 58. Q8xf7# 1-0


[Site "https://www.chess.com"]

[Event "Titled Tuesday Blitz June 28 Early 2022"]
[White "Wartiovaara, Oliver"]
[Black "Przybylski, Wojciech"]
[WhiteFideId "513024"]
[BlackFideId "1117599"]
[WhiteElo "1971"]
[BlackElo "2133"]
[Result "0-1"]
[Round "02"]
[TimeControl "180+1"]
[Date "2022.06.28"]
[WhiteClock "0:00:21"]
[BlackClock "0:01:38"]

1. e4 e5 2. f4 exf4 3. Nf3 g5 4. h4 g4 5. Ne5 d6 6. Nxg4 Nf6 7. Nxf6+ Qxf6 8. Nc3 Rg8 9. Qf3 c6 10. d3 Bh6 11. Qf2 Nd7 12. Be2 Ne5 13. O-O Bh3 14. Bxf4 Rxg2+ 15. Qxg2 Bxg2 16. Bxe5 Qxe5 17. Kxg2 Ke7 18. Bf3 Rg8+ 19. Kf2 Qh2+ 0-1


[Site "https://www.chess.com"]

[Event "Titled Tuesday Blitz June 28 Early 2022"]
[White "Weishaeutel, Moritz"]
[Black "Gaisinsky, Adam"]
[WhiteFideId "12967300"]
[BlackFideId "2620561"]
[WhiteElo "2002"]
[BlackElo "1965"]
[Result "0-1"]
[Round "02"]
[TimeControl "180+1"]
[Date "2022.06.28"]
[WhiteClock "0:00:18"]
[BlackClock "0:00:10"]

1. e4 e5 2. Nf3 Nc6 3. Nc3 Nf6 4. a3 d5 5. Bb5 Bg4 6. exd5 Nxd5 7. h3 Nxc3 8. bxc3 Bh5 9. g4 Bg6 10. Qe2 e4 11. Nd4 Qd5 12. O-O Bc5 13. Nxc6 bxc6 14. Ba4 O-O 15. Qa6 Qe5 16. Kg2 Bd6 17. Rh1 e3 18. dxe3 Be4+ 19. Kf1 Bxh1 20. f4 Qe4 21. Ke1 Rad8 22. Qd3 Qxd3 23. cxd3 Bg2 24. Kf2 Bxh3 25. Kg3 Bf1 26. Bc2 Bc5 27. d4 Bb6 28. Bd2 Bc4 29. a4 a5 30. Rh1 g6 31. f5 c5 32. Bc1 Rfe8 33. e4 cxd4 34. cxd4 Bxd4 35. Bg5 f6 36. Bc1 g5 37. Kf3 Be5 38. Be3 Kg7 39. Rc1 Rb8 40. Bd1 Rb4 41. Bd2 Bd3 42. Bxb4 axb4 43. Ke3 Ba6 44. Rc6 Bb7 45. Rc4 Bc3 46. Bc2 Re7 47. Bb3 Ba6 48. Rc6 Bb7 49. Rc4 Kf8 50. Kd3 Rd7+ 51. Ke3 Ke7 52. a5 Ba6 53. Rc6 Bb5 54. Rc5 Bd4+ 55. Kf3 Bxc5 56. Ba4 Bxa4 57. a6 Bb5 58. a7 Bxa7 59. e5 fxe5 60. f6+ Kxf6 61. Ke4 Rd4+ 62. Kf3 Rf4+ 63. Kg3 Bf2+ 64. Kh3 Bf1+ 65. Kh2 b3 66. Kh1 b2 67. Kh2 b1=Q 68. Kh1 Qe4+ 69. Kh2 Qg2# 0-1


[Site "https://www.chess.com"]

[Event "Titled Tuesday Blitz June 28 Early 2022"]
[White "Winkels, Marcel"]
[Black "Rom, Jasper"]
[WhiteFideId "1003887"]
[BlackFideId "2023733"]
[WhiteElo "1900"]
[BlackElo "2233"]
[Result "0-1"]
[Round "02"]
[TimeControl "180+1"]
[Date "2022.06.28"]
[WhiteClock "0:00:09"]
[BlackClock "0:00:53"]

1. e4 e6 2. d4 d5 3. Nc3 Nf6 4. Bg5 Bb4 5. e5 h6 6. Be3 Ne4 7. Qd3 c5 8. dxc5 Qa5 9. Ne2 Nc6 10. a3 Nxe5 11. Qd4 Nc6 12. Qxg7 Rf8 13. Bxh6 Bxc5 14. O-O-O Nxf2 15. Nf4 Nxd1 16. Kxd1 Bd7 17. b4 Nxb4 18. axb4 Qxb4 19. Bd3 O-O-O 20. Ke2 Bd4 21. Na2 Bxg7 22. Nxb4 Bxh6 23. Nh3 e5 24. Nxd5 Bg4+ 25. Kf2 Rxd5 0-1


[Site "https://www.chess.com"]

[Event "Titled Tuesday Blitz June 28 Early 2022"]
[White "Xu, Yi"]
[Black "Artemenko, Oleg"]
[WhiteFideId "8605564"]
[BlackFideId "14201798"]
[WhiteElo "2471"]
[BlackElo "2287"]
[Result "0-1"]
[Round "02"]
[TimeControl "180+1"]
[Date "2022.06.28"]
[WhiteClock "0:00:52"]
[BlackClock "0:01:05"]

1. e4 e6 2. d4 d5 3. e5 c5 4. c3 Nc6 5. Nf3 Qb6 6. a3 f6 7. Bd3 fxe5 8. Nxe5 Nxe5 9. dxe5 Ne7 10. O-O g6 11. Bg5 Bg7 12. Qe2 Nc6 13. Bb5 O-O 14. Bxc6 bxc6 15. b4 Ba6 16. Qg4 Bxf1 17. Qxe6+ Kh8 18. Kxf1 Rae8 19. Qh3 cxb4 20. Be3 Qb5+ 21. Kg1 bxc3 22. Nxc3 Qd3 23. Na4 d4 24. Nc5 Qc3 25. Rc1 Qxa3 26. Bh6 Qxh3 27. Bxg7+ Kxg7 28. gxh3 Rxe5 29. Nd7 Rg5+ 30. Kf1 Rd8 31. h4 Rd5 32. Nc5 Kf7 33. Ke1 d3 34. Kd2 Re5 35. Rc4 Re2+ 36. Kd1 d2 37. Rf4+ Kg8 0-1


[Site "https://www.chess.com"]

[Event "Titled Tuesday Blitz June 28 Early 2022"]
[White "Yang, Kaiqi"]
[Black "Jiganchine, Roman"]
[WhiteFideId "8604398"]
[BlackFideId "2603667"]
[WhiteElo "2373"]
[BlackElo "2274"]
[Result "1-0"]
[Round "02"]
[TimeControl "180+1"]
[Date "2022.06.28"]
[WhiteClock "0:00:04"]
[BlackClock "0:00:10"]

1. d4 d5 2. c4 e6 3. Nc3 Nf6 4. cxd5 exd5 5. Bg5 c6 6. e3 Bf5 7. Qf3 Bg6 8. Bxf6 Qxf6 9. Qxf6 gxf6 10. h4 h5 11. Nh3 Nd7 12. Nf4 Nb6 13. Be2 a5 14. a4 Nc8 15. Kd2 Bb4 16. Bd3 Rg8 17. Rh3 Bxd3 18. Kxd3 Nd6 19. Rg1 Rh8 20. f3 Ke7 21. Nce2 Ne8 22. g4 Ng7 23. Ng3 hxg4 24. fxg4 Bd6 25. h5 Bxf4 26. exf4 Ne6 27. Nf5+ Kd7 28. Rf3 Rag8 29. Rgg3 b5 30. axb5 cxb5 31. Ne3 Kd6 32. h6 Rc8 33. g5 Rc1 34. g6 fxg6 35. Rxg6 Rb1 36. Rxf6 Rxb2 37. Nf5+ Kd7 38. Rf7+ Kd8 39. Re3 Rb3+ 40. Kd2 Rxe3 41. Kxe3 b4 42. Ra7 Re8 43. Ra8+ Kd7 44. Rxe8 Kxe8 45. h7 1-0


[Site "https://www.chess.com"]

[Event "Titled Tuesday Blitz June 28 Early 2022"]
[White "Yoo, Christopher Woojin"]
[Black "Odegov, Artem"]
[WhiteFideId "30909694"]
[BlackFideId "34183644"]
[WhiteElo "2105"]
[BlackElo "2286"]
[Result "1-0"]
[Round "02"]
[TimeControl "180+1"]
[Date "2022.06.28"]
[WhiteClock "0:00:55"]
[BlackClock "0:00:02"]

1. d4 Nf6 2. Nf3 e6 3. c4 d5 4. g3 c5 5. cxd5 exd5 6. Bg2 Nc6 7. O-O Be7 8. dxc5 Bxc5 9. a3 O-O 10. b4 Bd6 11. Bb2 Be6 12. Nc3 Rc8 13. Nb5 Be7 14. Nbd4 Ne4 15. Nxe6 fxe6 16. Bh3 Qd6 17. b5 Na5 18. Nd4 Rf6 19. Rc1 Nc4 20. Nf3 Rh6 21. Bg2 Rf8 22. Ba1 Qxa3 23. Qd3 Qa4 24. Nd4 Nc5 25. Qc2 Qxc2 26. Rxc2 Bf6 27. e4 Rd8 28. exd5 exd5 29. Nf5 Rg6 30. Bxf6 Rxf6 31. Ne7+ Kf7 32. Nxd5 Na3 33. Rxc5 Rfd6 34. Ra1 Nxb5 35. Rxb5 b6 36. Rxa7+ Kg6 37. Nf4+ Kf6 38. Nh5+ Kg6 39. Be4+ Kh6 40. Nf4 g6 41. h4 Rd1+ 42. Kg2 Rg1+ 43. Kh2 Rdd1 44. Rh5+ gxh5 45. Rxh7# 1-0


[Site "https://www.chess.com"]

[Event "Titled Tuesday Blitz June 28 Early 2022"]
[White "Zaksaite, Salomeja"]
[Black "Daeschler, Florian"]
[WhiteFideId "12801496"]
[BlackFideId "20678193"]
[WhiteElo "1953"]
[BlackElo "2221"]
[Result "0-1"]
[Round "02"]
[TimeControl "180+1"]
[Date "2022.06.28"]
[WhiteClock "0:00:01"]
[BlackClock "0:00:20"]

1. e4 c5 2. Nf3 d6 3. d4 cxd4 4. Nxd4 Nf6 5. Nc3 Nc6 6. Be3 Ng4 7. Bb5 Nxe3 8. Nxc6 Nxd1 9. Nxd8+ Kxd8 10. Rxd1 a6 11. Be2 e6 12. O-O Bd7 13. f4 Be7 14. Bf3 Rc8 15. Rd2 Kc7 16. Rfd1 Rhd8 17. e5 d5 18. g3 Kb8 19. Kg2 b5 20. Ne2 Rc4 21. Nd4 Rdc8 22. c3 Ka7 23. Be2 R4c7 24. Bd3 b4 25. cxb4 Bxb4 26. Re2 Ba4 27. b3 Bd7 28. h4 Rc1 29. Rxc1 Rxc1 30. Rc2 Rxc2+ 31. Nxc2 Bc5 32. Bxh7 g6 33. g4 d4 34. Kf1 d3 35. Na1 Bb4 36. h5 Bb5 37. hxg6 d2+ 38. Kg2 fxg6 0-1


[Site "https://www.chess.com"]

[Event "Titled Tuesday Blitz June 28 Early 2022"]
[White "Agasarov, Benik"]
[Black "Bortnyk, Olexandr"]
[WhiteFideId "13314823"]
[BlackFideId "14120828"]
[WhiteElo "2707"]
[BlackElo "2723"]
[Result "0-1"]
[Round "03"]
[TimeControl "180+1"]
[Date "2022.06.28"]
[WhiteClock "0:00:47"]
[BlackClock "0:00:21"]

1. c4 d6 2. d4 Nf6 3. Nc3 g6 4. g3 Bg7 5. Nf3 O-O 6. Bg2 Bf5 7. Nh4 Bc8 8. Nf3 Nbd7 9. O-O c6 10. e4 e5 11. Re1 Qb6 12. dxe5 dxe5 13. Qe2 Re8 14. Be3 Qa6 15. h3 Nf8 16. Rad1 b6 17. b3 Qa5 18. Bd2 Qa3 19. Bc1 Qe7 20. Bb2 N6d7 21. Na4 Ne6 22. Qd2 c5 23. Nc3 Nd4 24. Nd5 Qd6 25. Nxd4 cxd4 26. Qb4 Qxb4 27. Nxb4 Bb7 28. Nd3 a5 29. a3 Rac8 30. Rc1 Bh6 31. Rc2 f6 32. b4 Ba6 33. Bc1 Bf8 34. bxa5 bxa5 35. Nb2 Bxa3 36. Bd2 Bb4 37. Ra1 Nc5 38. Bxb4 axb4 39. Ra5 d3 40. Nxd3 Nxd3 41. Rxa6 b3 42. Rc3 b2 43. Rb6 Rb8 44. Rcb3 Rxb6 45. Rxb6 Ra8 46. Bf1 Ra1 47. Rb8+ Kf7 48. Rb7+ Ke8 49. Kg2 Ne1+ 0-1


[Site "https://www.chess.com"]

[Event "Titled Tuesday Blitz June 28 Early 2022"]
[White "Agibileg, Uurtsaikh"]
[Black "Hovhannisyan, Robert"]
[WhiteFideId "4901606"]
[BlackFideId "13302507"]
[WhiteElo "2205"]
[BlackElo "2570"]
[Result "0-1"]
[Round "03"]
[TimeControl "180+1"]
[Date "2022.06.28"]
[WhiteClock "0:00:07"]
[BlackClock "0:00:20"]

1. d4 d5 2. c4 c6 3. Nf3 Nf6 4. Nc3 e6 5. Bg5 h6 6. Bh4 dxc4 7. e4 g5 8. Bg3 b5 9. Be2 b4 10. Na4 Nxe4 11. Be5 Nf6 12. Bxc4 Nbd7 13. O-O g4 14. Bxf6 Qxf6 15. Ne1 h5 16. f3 g3 17. hxg3 h4 18. g4 Bd6 19. f4 Bxf4 20. Kh1 Qh6 21. Qf3 e5 22. dxe5 Bxe5 23. Qxf7+ Kd8 24. Nf3 Bd6 25. g5 Qf8 0-1


[Site "https://www.chess.com"]

[Event "Titled Tuesday Blitz June 28 Early 2022"]
[White "Ajay Krishna, S"]
[Black "Sahil, Tickoo"]
[WhiteFideId "5096430"]
[BlackFideId "5019710"]
[WhiteElo "2247"]
[BlackElo "2047"]
[Result "1-0"]
[Round "03"]
[TimeControl "180+1"]
[Date "2022.06.28"]
[WhiteClock "0:00:25"]
[BlackClock "0:00:02"]

1. d4 d5 2. c4 e6 3. Nf3 Nf6 4. g3 dxc4 5. Bg2 Bd7 6. O-O Bc6 7. a4 a5 8. Nbd2 Na6 9. Nxc4 Nb4 10. Bd2 Be7 11. Rc1 O-O 12. Qe1 Bxa4 13. Nxa5 Nc2 14. Qd1 b6 15. b3 bxa5 16. Qxc2 Bb5 17. Ne5 Bxe2 18. Rfe1 Bb5 19. Bxa8 Qxa8 20. Qxc7 Bb4 21. Bxb4 axb4 22. Qc5 Ba6 23. Ra1 Qb7 24. Qc6 Qxc6 25. Nxc6 Bb7 26. Nxb4 Rb8 27. Na6 Bxa6 28. Rxa6 g5 29. Rb1 Nd5 30. Rc6 Rb4 31. Rc4 Rb7 32. b4 g4 33. b5 h5 34. Rc5 Kg7 35. b6 Rxb6 36. Rxb6 Nxb6 37. Rxh5 f5 38. h3 gxh3 39. Rxh3 Nd5 40. Rh4 Kf6 41. Kg2 1-0


[Site "https://www.chess.com"]

[Event "Titled Tuesday Blitz June 28 Early 2022"]
[White "Andreikin, Dmitry"]
[Black "Rosen, Eric"]
[WhiteFideId "4158814"]
[BlackFideId "2032562"]
[WhiteElo "3083"]
[BlackElo "2764"]
[Result "1-0"]
[Round "03"]
[TimeControl "180+1"]
[Date "2022.06.28"]
[WhiteClock "0:01:16"]
[BlackClock "0:00:02"]

1. d4 d5 2. c4 e6 3. Nf3 Nf6 4. g3 h6 5. Bg2 Bd6 6. O-O O-O 7. Nc3 Nc6 8. a3 dxc4 9. e4 e5 10. d5 Na5 11. h3 c6 12. Be3 b5 13. g4 a6 14. g5 hxg5 15. Nxg5 Nb3 16. Rb1 c5 17. f4 Qe7 18. Qe1 Nh7 19. Qh4 Nxg5 20. fxg5 Nd4 21. Rf6 g6 22. Rbf1 Ra7 23. Qh6 b4 24. axb4 cxb4 25. Bxd4 exd4 26. e5 Qxe5 27. Rxd6 Bf5 28. Ne4 Bxe4 29. Re6 Qg7 30. Rxe4 Qxh6 31. gxh6 c3 32. Rxd4 cxb2 33. Rxb4 Kh7 34. Rxb2 a5 35. d6 Kxh6 36. Bc6 Rd8 37. d7 a4 38. Rxf7 a3 39. Ra2 Rc7 40. Rf6 Kg7 41. Re6 1-0


[Site "https://www.chess.com"]

[Event "Titled Tuesday Blitz June 28 Early 2022"]
[White "Andrews, Todd"]
[Black "Sargsyan, Anna M."]
[WhiteFideId "2012456"]
[BlackFideId "13308130"]
[WhiteElo "2373"]
[BlackElo "2271"]
[Result "0-1"]
[Round "03"]
[TimeControl "180+1"]
[Date "2022.06.28"]
[WhiteClock "0:00:06"]
[BlackClock "0:00:05"]

1. e4 c6 2. c4 d5 3. exd5 cxd5 4. cxd5 Nf6 5. Nc3 Nxd5 6. Nf3 Nc6 7. Bc4 Nb6 8. Bb3 Bf5 9. d4 e6 10. O-O Be7 11. Re1 O-O 12. h3 Bf6 13. Be3 Nb4 14. a3 N4d5 15. Bd2 Rc8 16. Qe2 Nxc3 17. bxc3 Nd5 18. c4 Nb6 19. Rad1 Re8 20. Ba5 Qe7 21. Bb4 Qc7 22. d5 h6 23. d6 Qd7 24. c5 Nd5 25. Ne5 Bxe5 26. Qxe5 Nf6 27. Re3 Qb5 28. Rg3 Bg6 29. Rxg6 fxg6 30. Bxe6+ Kh7 31. Re1 a5 32. Bc3 Rxc5 33. Qd4 Qc6 34. d7 Rd8 35. Re3 b5 36. h4 b4 37. axb4 axb4 38. Bxb4 Rc1+ 39. Kh2 Nxd7 40. Bxd7 Rxd7 41. Qg4 Qc7+ 42. Rg3 Qc6 43. Bd2 Rxd2 44. h5 Rd8 45. hxg6+ Kh8 46. Qf5 Qd6 47. Qf7 Qd1 48. Rh3 Qg1+ 49. Kg3 Rc3+ 50. f3 Qe1+ 51. Kh2 Qe5+ 52. f4 Rxh3+ 53. Kxh3 Qe3+ 54. g3 Qd4 55. Kg4 Qd7+ 56. Kh5 Qxf7 57. gxf7 Kh7 58. f5 Rf8 59. g4 Rxf7 60. Kh4 g5+ 61. Kh5 Rf8 62. f6 Kg8 63. f7+ Kxf7 64. Kxh6 Rg8 65. Kh5 Kf6 66. Kh6 Rh8# 0-1


[Site "https://www.chess.com"]

[Event "Titled Tuesday Blitz June 28 Early 2022"]
[White "Antonio, Jorge Carlos"]
[Black "Aldokhin, Ivan"]
[WhiteFideId "113190"]
[BlackFideId "24115720"]
[WhiteElo "2247"]
[BlackElo "2231"]
[Result "0-1"]
[Round "03"]
[TimeControl "180+1"]
[Date "2022.06.28"]
[WhiteClock "0:00:42"]
[BlackClock "0:00:20"]

1. d4 Nf6 2. Nf3 g6 3. c4 Bg7 4. Nc3 d6 5. e4 O-O 6. Be2 Nc6 7. O-O Re8 8. d5 Nb4 9. a3 Na6 10. b4 e6 11. Bg5 h6 12. Bxf6 Qxf6 13. Rc1 Bd7 14. c5 dxc5 15. Bxa6 bxa6 16. bxc5 exd5 17. exd5 Rad8 18. Qd3 Bf5 19. Qc4 Bc8 20. h3 Bxh3 21. Rfd1 h5 22. Ne4 Qf4 23. Neg5 Qxc4 24. Rxc4 Bf5 25. Ra4 f6 26. Nh3 Bc2 27. Rad4 Bxd1 28. Rxd1 g5 29. Nd4 Rxd5 0-1


[Site "https://www.chess.com"]

[Event "Titled Tuesday Blitz June 28 Early 2022"]
[White "Araujo Sanchez, Josue"]
[Black "Van Foreest, Jorden"]
[WhiteFideId "6416896"]
[BlackFideId "1039784"]
[WhiteElo "2339"]
[BlackElo "2609"]
[Result "0-1"]
[Round "03"]
[TimeControl "180+1"]
[Date "2022.06.28"]
[WhiteClock "0:00:08"]
[BlackClock "0:01:06"]

1. Nf3 c6 2. c4 d6 3. e3 g6 4. Be2 Bg7 5. O-O Bh6 6. Nc3 Bg7 7. d4 Nf6 8. b3 O-O 9. Bb2 Bf5 10. Nd2 a5 11. a3 Na6 12. Rc1 Re8 13. Re1 e5 14. dxe5 dxe5 15. e4 Be6 16. Qc2 Qc7 17. Na4 Rad8 18. c5 h5 19. Nc4 Bxc4 20. Bxc4 Nb8 21. Rcd1 Bf8 22. f3 Bh6 23. Qc3 Nbd7 24. b4 axb4 25. axb4 Nf8 26. Rxd8 Qxd8 27. Nb6 Qe7 28. Rd1 h4 29. Rd6 Bf4 30. Qd3 Kg7 31. b5 Qc7 32. bxc6 bxc6 33. Bb3 Re7 34. Bc3 Qa7 35. Qc4 Qa3 36. Rd1 Be3+ 37. Kf1 Qxc5 38. Qxc5 Bxc5 39. Nc4 N8d7 40. Ba4 Bd4 41. Bxd4 exd4 42. Bxc6 Nc5 43. Rxd4 Ra7 44. Rd2 Ra1+ 45. Kf2 Rh1 46. h3 Nh5 47. Ke3 Re1+ 48. Re2 Rc1 49. Kd4 Ng3 50. Rd2 Nb3+ 0-1


[Site "https://www.chess.com"]

[Event "Titled Tuesday Blitz June 28 Early 2022"]
[White "Arias, Juan Cruz"]
[Black "Valle Maytin, Luis Enrique"]
[WhiteFideId "118540"]
[BlackFideId "3503666"]
[WhiteElo "2091"]
[BlackElo "2320"]
[Result "1-0"]
[Round "03"]
[TimeControl "180+1"]
[Date "2022.06.28"]
[WhiteClock "0:01:22"]
[BlackClock "0:01:25"]

1. d4 Nf6 2. Nf3 e6 3. e3 c5 4. Bd3 Nc6 5. O-O cxd4 6. exd4 d5 7. Bf4 Be7 8. c3 O-O 9. Nbd2 a6 10. Qe2 b5 11. Ne5 Nxe5 12. dxe5 Nd7 13. Nf3 g6 14. Nd4 Bg5 15. Nc6 Qb6 16. Bxg5 Qxc6 17. Rae1 Bb7 18. Qg4 Rfe8 19. Qh4 Qc5 20. Re3 Qc6 21. Qh6 d4 22. Be4 Qc5 23. cxd4 Qf8 24. Bxb7 Qxh6 1-0


[Site "https://www.chess.com"]

[Event "Titled Tuesday Blitz June 28 Early 2022"]
[White "Atabayev, Saparmyrat"]
[Black "Fedoseev, Vladimir"]
[WhiteFideId "14000571"]
[BlackFideId "24130737"]
[WhiteElo "2752"]
[BlackElo "3043"]
[Result "0-1"]
[Round "03"]
[TimeControl "180+1"]
[Date "2022.06.28"]
[WhiteClock "0:00:09"]
[BlackClock "0:00:47"]

1. d4 Nf6 2. Nf3 e6 3. Bf4 b6 4. e3 Bb7 5. Be2 Be7 6. h3 O-O 7. O-O c5 8. Nbd2 d6 9. c4 cxd4 10. exd4 Nbd7 11. Rc1 Re8 12. Re1 Bf8 13. Bf1 g6 14. Qb3 Qc7 15. c5 bxc5 16. dxc5 Bd5 17. Qc3 Qxc5 18. Qd3 Qb4 19. Nc4 Nc5 20. Qd2 Qxd2 21. Nfxd2 e5 22. Bg5 Nfd7 23. Red1 Be6 24. b4 Na4 25. Ne3 d5 26. Bb5 Nab6 27. a3 f6 28. Bh4 Rec8 29. Nf3 d4 30. Ng4 g5 31. Bxg5 Bxg4 32. hxg4 fxg5 33. Rxc8 Rxc8 34. Nxg5 Nf6 35. f3 Nbd5 36. Bd3 Bh6 37. Bf5 Rc3 38. Ne6 Be3+ 39. Kh2 Rxa3 40. g5 Nh5 41. Nc5 Nc3 42. Re1 Bxg5 43. Kh3 Nf4+ 44. Kg4 Bf6 45. Nd7 h5+ 46. Kg3 Bh4+ 47. Kxh4 Nxg2+ 48. Kg5 Nxe1 49. Be6+ Kg7 50. Nf6 Nxf3+ 51. Kf5 Ne2 52. Nxh5+ Kh6 53. Nf6 Ng3+ 0-1


[Site "https://www.chess.com"]

[Event "Titled Tuesday Blitz June 28 Early 2022"]
[White "Baches Garcia, Guillermo"]
[Black "Domingo Nunez, Ruben"]
[WhiteFideId "2209764"]
[BlackFideId "22245570"]
[WhiteElo "2463"]
[BlackElo "2376"]
[Result "1-0"]
[Round "03"]
[TimeControl "180+1"]
[Date "2022.06.28"]
[WhiteClock "0:00:10"]
[BlackClock "0:00:07"]

1. e4 Nc6 2. Nf3 d5 3. exd5 Qxd5 4. Nc3 Qa5 5. Bb5 Bd7 6. O-O O-O-O 7. Qe2 a6 8. Bc4 Qh5 9. h3 Nf6 10. Re1 g5 11. Ne5 Nxe5 12. Qxh5 Nxh5 13. Rxe5 f6 14. Re1 e5 15. d3 Kb8 16. Ne4 Be7 17. Be3 Bc6 18. g3 h6 19. Bc5 Rh7 20. b4 Bxe4 21. Rxe4 b5 22. Be6 Bxc5 23. bxc5 Re7 24. Bg4 Ng7 25. Bf3 Ne6 26. a4 Nxc5 27. axb5 Nxe4 28. Bxe4 Rd6 29. c4 Rb6 30. g4 Ka7 31. Bc6 Re6 32. Bd5 Red6 33. Be4 Rd4 34. Kf1 Kb8 35. Ke2 c6 36. Bxc6 axb5 37. Bxb5 Kb7 38. Be8 Rd8 39. Bg6 Rb2+ 40. Ke3 Rb8 41. Be4+ Kc7 42. Ra6 R8b6 43. Ra7+ Kd6 44. Rh7 Ra2 45. Rxh6 Rbb2 46. Rxf6+ Ke7 47. Rg6 Re2+ 48. Kf3 Rxf2+ 49. Kg3 Rf1 50. Rxg5 Rg1+ 51. Kh4 Ke6 52. Rg6+ Kf7 53. Rc6 Ra7 54. Rc5 Ke6 55. Rc6+ Kd7 56. Rh6 Ra2 57. c5 Rh2 58. c6+ Kc7 59. Rh7+ Kc8 60. Bf5+ Kd8 61. c7+ Ke8 62. c8=Q# 1-0


[Site "https://www.chess.com"]

[Event "Titled Tuesday Blitz June 28 Early 2022"]
[White "Bachmann, Axel"]
[Black "Sadykov, Ramil"]
[WhiteFideId "3700488"]
[BlackFideId "24113590"]
[WhiteElo "2587"]
[BlackElo "2226"]
[Result "1-0"]
[Round "03"]
[TimeControl "180+1"]
[Date "2022.06.28"]
[WhiteClock "0:00:08"]
[BlackClock "0:00:03"]

1. d4 Nf6 2. c4 g6 3. Nc3 d5 4. cxd5 Nxd5 5. Bd2 Nb6 6. Bf4 Bg7 7. e3 O-O 8. Nf3 Nc6 9. Bb5 Bd7 10. O-O a6 11. Be2 Re8 12. Bg3 e5 13. d5 Na5 14. e4 c6 15. Rc1 cxd5 16. exd5 Nac4 17. Ne4 Nxb2 18. Qb3 Bf5 19. Bh4 Qxd5 20. Qxb6 Qxe4 21. Qxb2 Qa4 22. Qb3 Qxb3 23. axb3 e4 24. Nd2 e3 25. fxe3 Bh6 26. Bf2 Rxe3 27. Bc4 b5 28. g4 Bxg4 29. Bxf7+ Kh8 30. Kh1 Re7 31. Bd4+ Bg7 32. Bxg7+ Kxg7 33. Bd5 Rd8 34. Bf3 Bf5 35. Nb1 Rd3 36. Nc3 Ree3 37. Nd5 Rxf3 38. Nb4 Be4 39. Kg1 Rfe3 40. Rc7+ Kh6 41. Nxd3 Bxd3 42. Rff7 Re1+ 43. Kg2 g5 44. Rf6+ Bg6 45. Kf2 Rb1 46. Rf3 Rb2+ 47. Kg1 a5 48. Rh3+ Bh5 49. Rc6+ Kg7 50. Rxh5 a4 51. Rxg5+ Kf7 52. bxa4 bxa4 53. Ra5 1-0


[Site "https://www.chess.com"]